Map: Prion Terraces

Players

ILLBdA - Winner!

  • Race: Protoss Protoss
  • League: Diamond

조상현

  • Race: Terran Terran
  • League: Diamond

VOD

Have the link to the VOD?

Description

Time

  • Played on: Dec. 11, 2015, 10:50 a.m.
  • Length: 10:33
Show
View Real Time Build Order
Export as new Build Order

ILLBdA Protoss - Winner!

Build Orders: Cannon Rush 

Get SALT Encoding   

  12  0:01  Probe (Chrono Boost)  
  13  0:11  Probe (Chrono Boost)  
  14  0:20  Pylon  
  14  0:22  Probe (Chrono Boost)  
  15  0:38  Probe (Chrono Boost)  
  15  0:39  Forge  
  16  0:48  Probe (Chrono Boost)  
  17  0:59  Probe (Chrono Boost)  
  18  1:09  Probe (Chrono Boost)  
  19  1:12  Pylon  
  19  1:16  Pylon  
  19  1:20  Probe (Chrono Boost)  
  20  1:33  Pylon, Photon Cannon  
  20  1:37  Photon Cannon  
  20  1:47  Photon Cannon  
  19  1:54  Photon Cannon  
  19  2:00  Photon Cannon  
  19  2:05  Pylon  
  19  2:11  Photon Cannon  
  19  2:20  Photon Cannon  
  19  2:28  Photon Cannon  
  19  2:36  Photon Cannon  
  19  2:41  Photon Cannon  
  18  2:52  Probe (Chrono Boost)  
  19  3:07  Gateway  
  19  3:09  Assimilator  
  19  3:14  Assimilator  
  19  3:15  Probe (Chrono Boost), Photon Cannon  
  21  3:33  Probe (Chrono Boost)  
  21  3:44  Pylon  
  21  3:47  Probe (Chrono Boost)  
  22  3:56  Cybernetics Core  
  22  3:57  Zealot  
  24  4:07  Nexus  
  23  4:32  Adept (Chrono Boost)  
  23  4:33  Warp Gate  
  23  4:35  Mothership Core  
  26  4:46  Stargate  
  26  4:56  Stalker (Chrono Boost), Probe  
  29  5:08  Probe  
  30  5:20  Probe  
  31  5:22  Stalker (Chrono Boost)  
  33  5:32  Probe, Oracle (Chrono Boost)  
  37  5:36  Probe  
  38  5:44  Probe  
  38  5:46  Probe  
  38  5:48  Pylon  
  40  5:57  Probe x2  
  39  6:00  Stalker  
  42  6:06  Gateway  
  42  6:08  Gateway  
  42  6:12  Probe  
  41  6:19  Probe  
  41  6:24  Probe  
  43  6:29  Probe  
  44  6:36  Probe  
  44  6:38  Oracle (Chrono Boost)  
  48  6:40  Probe  
  44  7:14  Stalker x3  
  46  7:23  Probe  
  46  7:24  Probe  
  48  7:34  Probe  
  48  7:36  Probe  
  50  7:44  Probe  
  50  7:48  Stalker, Probe  
  50  7:49  Stalker  
  54  7:57  Assimilator x2  
  54  8:01  Pylon  
  54  8:03  Probe  
  54  8:04  Probe  
  54  8:06  Twilight Council  
  52  8:17  Probe x2  
  54  8:23  Gateway  
  54  8:25  Gateway  
  54  8:27  Gateway  
  54  8:30  Gateway  
  54  8:33  Adept  
  54  8:34  Adept x2  
  60  8:50  Probe  
  60  8:55  Probe  
  61  8:58  Pylon  
  53  9:06  Oracle  
  42  9:14  Adept  
  42  9:15  Adept x2  
  26  9:32  Mothership Core  
  26  9:35  Adept x2  
  26  9:36  Adept  
  31  9:44  Probe  
  31  9:53  Probe  
  31  9:54  Probe  
  31  10:05  Probe x2  
  31  10:15  Probe  
  31  10:18  Probe  
Show
View Real Time Build Order
Export as new Build Order

조상현 Terran 

Build Orders: Reaper Expand, MMM Bio 

Get SALT Encoding   

  12  0:01  SCV  
  13  0:18  SCV  
  14  0:23  Supply Depot  
  14  0:30  SCV  
  15  0:45  SCV  
  15  0:46  Barracks  
  15  0:49  Refinery  
  17  0:57  SCV  
  17  1:09  SCV  
  18  1:21  SCV  
  19  1:38  Marine  
  20  2:07  Marine  
  19  2:25  Marine  
  16  2:43  Marine  
  17  3:01  Marine  
  17  3:08  Command Center  
  17  3:15  Barracks x2  
  17  3:20  Reaper  
  18  3:41  Orbital Command  
  18  3:54  Supply Depot  
  18  3:59  Reaper  
  19  4:05  Reaper  
  20  4:10  Reaper  
  21  4:31  Reaper  
  22  4:34  SCV  
  22  4:37  Reaper  
  23  4:56  SCV  
  23  4:58  Command Center  
  24  5:11  SCV  
  27  5:25  SCV  
  28  5:34  Marine  
  29  5:36  Barracks Tech Lab  
  29  5:37  Barracks Reactor, SCV  
  29  5:40  Refinery  
  28  5:44  Supply Depot  
  28  5:49  SCV  
  30  5:59  Stimpack  
  30  6:02  SCV  
  30  6:03  Barracks Tech Lab  
  30  6:06  Marauder  
  32  6:14  SCV  
  32  6:20  Orbital Command  
  32  6:22  Marauder, Marine x2  
  36  6:25  Combat Shields  
  33  6:36  Marine  
  33  6:39  Marine  
  31  6:43  SCV  
  29  6:50  Marine x2  
  29  6:57  SCV  
  29  6:59  SCV, Marauder, Marine  
  34  7:12  Marine  
  34  7:20  Marine  
  34  7:21  Marauder  
  36  7:24  Marine  
  37  7:31  Marine  
  33  7:48  Marine  
  33  7:49  Marauder  
  30  7:56  Marine  
  30  7:57  Marauder  
  33  8:03  Concussive Shells  
  33  8:10  Marauder  
  33  8:12  Marine  
  36  8:15  SCV  
  37  8:26  SCV  
  38  8:27  SCV  
  39  8:37  Marauder  
  39  8:38  SCV, Marine  
  39  8:39  SCV  
  29  9:07  Marine  
  20  9:18  SCV  
Tags
 
Add a new tag
Caveats
  • Supply blocks, unpowered buildings, or Contaminate may cause inaccurate times.
  • Supply counts are checked every 10 seconds.